 Dungeon Crawl Stone Soup version 0.18.1-48-g4cf74bf (webtiles) character file.

427 MistressOfTheDunes the Insei (level 6, -7/47 HPs)
             Began as a Mummy Monk on July 19, 2016.
             Mangled by a worker ant (8 damage)
             ... on level 5 of the Dungeon.
             The game lasted 00:05:13 (5300 turns).

MistressOfTheDunes the Insei (Mummy Monk)           Turns: 5300, Time: 00:05:14

Health: -7/47      AC:  3    Str: 14    XL:     6   Next: 65%
Magic:  6/6        EV: 15    Int: 10    God:
Gold:   171        SH:  0    Dex: 16    Spells: 0 memorised, 5 levels left

rFire  x . .     SeeInvis .       - Unarmed
rCold  + . .     Gourm    .     (no armour)
rNeg   + + +     Faith    .     (no shield)
rPois  ∞         Spirit   .     (no helmet)
rElec  .         Dismiss  .     (no cloak)
rCorr  .         Reflect  .     n - +0 pair of gloves
SustAt .         Harm     .     b - +1 pair of boots
MR     .....                    (no amulet)
Stlth  ++........               (no ring)
                                (no ring)

@: not resistant to hostile enchantments, unstealthy
A: no food or potions, fire vulnerability, cold resistance 1, negative energy
resistance 3, torment resistance, unbreathing
a: no special abilities


You were on level 5 of the Dungeon.
You were not hungry.

You visited 1 branch of the dungeon, and saw 5 of its levels.

You collected 171 gold pieces.


Innate Abilities, Weirdness & Mutations

You do not eat or drink.
Your flesh is vulnerable to fire.
You are immune to poison.
Your flesh is cold resistant.
You are immune to negative energy.
You are immune to unholy pain and torment.
You can survive without breathing.


   Skills:
 - Level 3.0 Fighting
 + Level 4.8 Dodging
 - Level 1.5 Stealth
 - Level 5.1 Unarmed Combat


You had 5 spell levels left.
You didn't know any spells.

Inventory:

Missiles
 g - 14 poisoned needles
Armour
 b - a +1 pair of boots (worn)
 n - a +0 pair of gloves (worn)
Jewellery
 j - a +5 amulet of reflection {unknown}
 m - an uncursed amulet of harm {unknown}
Scrolls
 a - a scroll of immolation {unknown}
 c - 3 scrolls of teleportation {unknown}
 d - 3 scrolls of remove curse {unknown}
 e - a scroll of fear {unknown}
 f - a scroll of enchant weapon {unknown}
 h - 5 scrolls of identify {unknown}
 k - a scroll of enchant armour {unknown}
 l - a scroll of noise {unknown}
 o - 2 scrolls of recharging {unknown}
Comestibles
 i - a royal jelly

Dungeon Overview and Level Annotations

Branches:
Dungeon (5/15)
 Temple: D:4-7

Altars:
Dithmenos
Kikubaaqudgha
Okawaru
Pakellas
Yredelemnul
Zin
The Shining One

Annotations:
D:3 Edmund; TuxedoFelix's ghost, amateur MiBe

▒.<.....▒ ▒ ▒.......▒ .▒
.. ▒▒▒▒.▒▒▒▒ ...▒. ▒.▒
▒.▒.▒▒▒▒▒▒▒▒▒▒.▒
▒...........<▒.▒▒
▒▒..........▒..▒
▒▒▒.......%...▒▒.▒▒▒
.........?....5BM..▒
▒▒▒▒.▒▒.▒▒▒▒▒▒▒▒▒.......
▒.........▒ ▒.....▒
..5.......>... .....▒
.....=.....▒▒.. .....▒
▒...▒▒▒....... ....▒
▒... ▒...▒▒▒. ▒...▒ .?.
▒...▒ . ...▒ ▒. ....▒


You could see a worker ant and a crimson imp.


Message History

You squash the worker ant but do no damage!
Your punch misses the worker ant!
The worker ant is lightly wounded!
The crimson imp blinks!!!
The worker ant bites you!!!
You squash the worker ant like the proverbial ant!!!
The worker ant is heavily wounded!
The worker ant bites you! * * * don't die
* * * You barely miss the worker ant!
The worker ant is heavily wounded!
The worker ant bites you! * * * don't die
* * * You squash the worker ant but do no damage!
The worker ant is heavily wounded!
The worker ant bites you! * * * don't die
* * * The crimson imp blinks!!!
You completely miss the worker ant!
The worker ant is heavily wounded!
The worker ant misses you!
You squash the worker ant but do no damage!
The worker ant is heavily wounded!
The worker ant bites you!!! * * * don't die
* * * You barely miss the worker ant!
The worker ant is heavily wounded!
The worker ant bites you! * * * don't die
* * * The worker ant bites you!!! rip

Action                   |  1- 3 |  4- 6 || total
-------------------------+-------+-------++-------
Melee: Unarmed           |   133 |   164 ||   297
       Punch             |     5 |     3 ||     8
 Stab: Sleeping          |     4 |     1 ||     5
       Distracted        |       |     1 ||     1
Armor: Skin              |    11 |    11 ||    22
Dodge: Dodged            |    87 |    94 ||   181

Vault maps used:
D:1:      co_arrival_random_square_maze
D:2:      lemuel_round_altar, nicolae_tso_carved_into_rock
D:3:      nicolae_overflow_hidden_temple, lemuel_doored_altar,
          gammafunk_temple_overflow_claw, serial_glass, glass_columns_b,
          glass_columns_c, glass_columns_b, glass_columns_a, glass_columns_a,
          glass_columns_a, minmay_strange_pillars, feat_on_display
D:4:      first_bread, uniq_edmund
D:5:      kennysheep_mini_moat, basic_altar, tgw_xom, uniq_blork_the_orc

Notes
Turn   | Place    | Note
--------------------------------------------------------------
     0 | D:1      | MistressOfTheDunes the Mummy Monk began the quest for the Orb.
     0 | D:1      | Reached XP level 1. HP: 18/18 MP: 1/1
   420 | D:1      | Reached XP level 2. HP: 24/24 MP: 2/2
  1046 | D:2      | Reached skill level 4 in Unarmed Combat
  1075 | D:2      | Found a glowing golden altar of the Shining One.
  1219 | D:2      | Reached XP level 3. HP: 26/29 MP: 3/3
  1328 | D:2      | Found an iron altar of Okawaru.
  1968 | D:3      | Reached XP level 4. HP: 21/35 MP: 4/4
  2167 | D:3      | Found a basalt altar of Yredelemnul.
  2167 | D:3      | Found a glowing silver altar of Zin.
  2167 | D:3      | Found an ancient bone altar of Kikubaaqudgha.
  2576 | D:3      | Noticed TuxedoFelix's ghost (amateur MiBe)
  2873 | D:3      | Found an oddly glowing altar of Pakellas.
  3026 | D:3      | Reached skill level 5 in Unarmed Combat
  3357 | D:3      | Found a shadowy altar of Dithmenos.
  3494 | D:3      | Reached XP level 5. HP: 41/41 MP: 5/5
  3936 | D:4      | Reached skill level 3 in Dodging
  4264 | D:4      | Noticed Edmund
  4361 | D:4      | Noticed an ogre
  4677 | D:4      | HP: 4/41 [ogre/giant club (20)]
  4680 | D:4      | Killed an ogre
  5057 | D:4      | Noticed an ice beast
  5079 | D:4      | Killed an ice beast
  5079 | D:4      | Reached skill level 4 in Dodging
  5079 | D:4      | Reached XP level 6. HP: 46/47 MP: 6/6
  5254 | D:5      | Entered Level 5 of the Dungeon
  5299 | D:5      | HP: 3/47 [worker ant (8)]
  5300 | D:5      | HP: 1/47 [worker ant (3)]
  5300 | D:5      | Mangled by a worker ant

Vanquished Creatures
  An ice beast (D:4)
  An ogre (D:4)
  A water moccasin skeleton (D:4)
  A hound (D:5)
  An orc priest (D:3)
  A worker ant (D:4)
  4 adders
  2 worms
  4 dart slugs
  A giant gecko (D:1)
  8 orcs (D:3)
  3 giant cockroaches
  11 goblins
  6 hobgoblins
  4 jackals (D:1)
  A quokka (D:2)
  2 ball pythons
  3 bats
  A giant newt (D:2)
  6 kobolds
  6 rats
68 creatures vanquished.
